[Event "ICC tourney 1955 (60 10)"]
[Site "Internet Chess Club"]
[Date "2020.08.07"]
[Round "3"]
[White "annameiyappan"]
[Black "VincentT2008"]
[Result "1/2-1/2"]
[ICCResult "Game drawn by repetition"]
[WhiteElo "2015"]
[BlackElo "1863"]
[Opening "Two knights defense"]
[ECO "C56"]
[NIC "KP.02"]
[Time "18:32:38"]
[TimeControl "3600+10"]

1. e4 e5 2. Nf3 Nc6 3. Bc4 Nf6 4. d4 exd4 5. O-O Nxe4 6. Re1 d5 7. Bxd5 Qxd5
8. Nc3 Qa5 9. Nxe4 Be6 10. Bd2 Qh5 11. Bg5 h6 12. Bf6 Rg8 13. Qd3 Be7 14.
Bxe7 Nxe7 15. Nxd4 O-O-O 16. Qc3 Nd5 17. Qa3 a6 18. Nxe6 fxe6 19. Nc5 Nf4
20. Qb3 Qxc5 21. Re4 Qg5 22. g3 e5 23. Rae1 Rgf8 24. Kf1 Nh3 25. Qe6+ Kb8
26. Qxh3 Qf6 27. Qg2 Rd2 28. R4e2 Rxe2 29. Rxe2 Qd6 30. Qe4 Qd1+ 31. Re1 Qd2
32. Qe2 Qd4 33. Qe3 Qxb2 34. Qxe5 Qxc2 35. Re2 Qc1+ 36. Kg2 Qc6+ 37. Kh3
Qd7+ 38. Kg2 Qc6+ 39. Kh3 Qd7+ 40. Kg2 Qc6+ {Game drawn by repetition}
1/2-1/2

[Event "ICC tourney 1955 (60 10)"]
[Site "Internet Chess Club"]
[Date "2020.08.07"]
[Round "3"]
[White "Eric1127"]
[Black "leojiang"]
[Result "0-1"]
[ICCResult "White resigns"]
[WhiteElo "1642"]
[BlackElo "1878"]
[Opening "French: Tarrasch, Eliskases variation"]
[ECO "C07"]
[NIC "FR.19"]
[Time "18:33:23"]
[TimeControl "3600+10"]

1. e4 e6 2. d4 d5 3. Nd2 c5 4. exd5 Qxd5 5. Ngf3 cxd4 6. Bc4 Qd8 7. O-O Nc6
8. Nb3 a6 9. Nfxd4 Nxd4 10. Nxd4 Qc7 11. Bb3 Bd6 12. h3 Ne7 13. c3 O-O 14.
Qd3 e5 15. Nf3 Bf5 16. Qe2 h6 17. Be3 Ng6 18. Rad1 Rad8 19. Bc2 Be6 20. Ra1
f5 21. Rfd1 Bc4 22. Qe1 Ne7 23. b3 Bf7 24. Bc1 Bh5 25. Bb2 e4 26. Nd4 Bxd1
27. Rxd1 Qc8 28. f3 Nc6 29. fxe4 Nxd4 30. Rxd4 Bc5 {White resigns} 0-1

[Event "ICC tourney 1955 (60 10)"]
[Site "Internet Chess Club"]
[Date "2020.08.07"]
[Round "3"]
[White "RockroyalChess"]
[Black "tongchen"]
[Result "1-0"]
[ICCResult "Black checkmated"]
[WhiteElo "1765"]
[BlackElo "1959"]
[Opening "Grünfeld with Bf4 & e3"]
[ECO "D93"]
[NIC "QP.07"]
[Time "18:33:05"]
[TimeControl "3600+10"]

1. d4 Nf6 2. Bf4 g6 3. e3 Bg7 4. c4 O-O 5. Nc3 d5 6. Nf3 Bf5 7. h3 c6 8. Be2
dxc4 9. Bxc4 Nbd7 10. O-O Nb6 11. Bd3 Nbd5 12. Bh2 Bxd3 13. Qxd3 Nxc3 14.
bxc3 Nd5 15. a3 Re8 16. c4 Nb6 17. Rfd1 e6 18. Rab1 Qd7 19. Ne5 Qc8 20. c5
Nd7 21. Nc4 Bf8 22. Rdc1 f6 23. Bd6 Bg7 24. Qb3 b5 25. cxb6 axb6 26. Nxb6
Nxb6 27. Qxb6 Ra6 28. Qb7 e5 29. dxe5 fxe5 30. Rb6 Qxb7 31. Rxb7 Bf8 32.
Bxf8 Rxf8 33. Rc3 Rfa8 34. Rc7 Rxa3 35. Rxa3 Rxa3 36. Rxc6 Kg7 37. Rc7+ Kh6
38. Rc5 Kg5 39. Rxe5+ Kf6 40. Re4 h5 41. h4 Kf5 42. Rf4+ Ke6 43. Kh2 Ra2 44.
Kg3 Ra6 45. Rb4 Ra5 46. f4 Ra3 47. Kf3 Ra1 48. Rb2 Rh1 49. g3 Rf1+ 50. Kg2
Re1 51. Kf2 Ra1 52. e4 Ra4 53. Re2 Ra3 54. Re3 Ra1 55. Ke2 Ra2+ 56. Kd3 Ra3+
57. Kd4 Ra4+ 58. Kc5 Ra1 59. e5 Rc1+ 60. Kb6 Rb1+ 61. Kc7 Rc1+ 62. Kd8 Ra1
63. Rc3 Ra8+ 64. Rc8 Ra3 65. Rc6+ Kf7 66. e6+ Kg7 67. e7 Rd3+ 68. Kc7 Kf7
69. Rd6 Re3 70. Rd7 Rxe7 71. Kd6 Rxd7+ 72. Kxd7 Kf6 73. Ke8 Kg7 74. Ke7 Kh6
75. Kf6 Kh7 76. f5 gxf5 77. Kxf5 Kh6 78. Kf6 Kh7 79. Kg5 Kg7 80. Kxh5 Kh7
81. Kg5 Kg7 82. g4 Kh7 83. Kf6 Kh6 84. g5+ Kh7 85. Kf7 Kh8 86. Kg6 Kg8 87.
Kh6 Kh8 88. g6 Kg8 89. g7 Kf7 90. Kh7 Kf6 91. g8=Q Kf5 92. Qg7 Kf4 93. Qg6
Kf3 94. Qg5 Ke4 95. Qf6 Kd5 96. Qe7 Kc6 97. Qd8 Kb7 98. Qd6 Kc8 99. Qe7 Kb8
100. Qd7 Ka8 101. Kg6 Kb8 102. h5 Ka8 103. h6 Kb8 104. h7 Ka8 105. h8=R#
{Black checkmated}
1-0

[Event "ICC tourney 1955 (60 10)"]
[Site "Internet Chess Club"]
[Date "2020.08.07"]
[Round "3"]
[White "vikram251107"]
[Black "ickyquarter"]
[Result "1-0"]
[ICCResult "Black checkmated"]
[WhiteElo "1997"]
[BlackElo "2111"]
[Opening "Sicilian: Prins (Moscow) variation"]
[ECO "B55"]
[NIC "SI.01"]
[Time "18:32:27"]
[TimeControl "3600+10"]

1. e4 c5 2. Nf3 d6 3. d4 cxd4 4. Nxd4 Nf6 5. f3 g6 6. c4 Bg7 7. Nc3 Nc6 8.
Be3 O-O 9. Qd2 Bd7 10. Be2 Ne5 11. O-O Rc8 12. b3 a6 13. Rac1 Kh8 14. Nd5
Nc6 15. Nxc6 Rxc6 16. Bh6 Nxd5 17. Bxg7+ Kxg7 18. exd5 Qb6+ 19. Kh1 Rcc8 20.
f4 Bf5 21. g4 Be4+ 22. Bf3 Bxf3+ 23. Rxf3 a5 24. Rh3 f5 25. Qe1 Rf7 26. gxf5
gxf5 27. Qe6 Rcf8 28. Rg1+ Kh8 29. Rhg3 Qd4 30. Qh6 Qe4+ 31. R1g2 Qb1+ 32.
Rg1 Qe4+ 33. R1g2 Qd4 34. Qg5 h5 35. Qh6+ Rh7 36. Qxf8# {Black checkmated}
1-0

[Event "ICC tourney 1955 (60 10)"]
[Site "Internet Chess Club"]
[Date "2020.08.07"]
[Round "3"]
[White "Chessphilia"]
[Black "DLWarrior"]
[Result "1-0"]
[ICCResult "Black resigns"]
[WhiteElo "2130"]
[BlackElo "1870"]
[Opening "French: Steinitz variation"]
[ECO "C11"]
[NIC "FR.04"]
[Time "18:32:14"]
[TimeControl "3600+10"]

1. e4 e6 2. d4 d5 3. Nc3 Nf6 4. e5 Nfd7 5. Nce2 c5 6. c3 Nc6 7. Nf3 Be7 8.
a3 O-O 9. Nf4 Qb6 10. Bd3 a6 11. h4 Qc7 12. Bxh7+ Kh8 13. Ng5 Ncxe5 14. dxe5
Qxe5+ 15. Kf1 Nf6 16. Nxf7+ Rxf7 17. Ng6+ Kxh7 18. Nxe5 Rf8 19. Bg5 Bd6 20.
Qc2+ Ne4 21. Nf3 Kg8 22. Rd1 b5 23. Be3 a5 24. Ng5 Ng3+ 25. Kg1 Nf5 26. g4
{Black resigns}
1-0

[Event "ICC tourney 1955 (60 10)"]
[Site "Internet Chess Club"]
[Date "2020.08.07"]
[Round "3"]
[White "OneEverest"]
[Black "gardemarin13"]
[Result "1/2-1/2"]
[ICCResult "Game drawn by mutual agreement"]
[WhiteElo "2022"]
[BlackElo "1930"]
[Opening "Sicilian: accelerated fianchetto, modern variation"]
[ECO "B73"]
[NIC "SI.33"]
[Time "18:32:25"]
[TimeControl "3600+10"]

1. e4 c5 2. Nf3 g6 3. d4 cxd4 4. Nxd4 Nc6 5. Nc3 Bg7 6. Be3 Nf6 7. Be2 O-O
8. O-O d6 9. Bf3 Ne5 10. Be2 Bd7 11. Nb3 Bc6 12. f4 Ned7 13. Qd3 b6 14. Nd5
Nc5 15. Nxc5 dxc5 16. Bf3 e6 17. Nxf6+ Bxf6 18. Qxd8 Rfxd8 19. e5 Bxf3 20.
Rxf3 Be7 21. Kf2 Rd5 22. Ke2 Rad8 23. Rff1 Kg7 24. Rad1 f6 25. c4 Rxd1 26.
Rxd1 Rxd1 27. Kxd1 fxe5 28. fxe5 g5 29. g4 Kf7 30. Kc2 Ke8 31. a3 Kd7 32.
Bd2 Kc6 33. Kd3 Bd8 34. Ke4 h6 35. h4 gxh4 36. Bxh6 Kd7 37. Bg7 Bg5 38. Bf6
h3 39. Kf3 Bf4 40. g5 Ke8 41. g6 Kf8 42. a4 Kg8 43. b3 Kf8
{Game drawn by mutual agreement}
1/2-1/2

[Event "ICC tourney 1955 (60 10)"]
[Site "Internet Chess Club"]
[Date "2020.08.07"]
[Round "3"]
[White "kwen2008"]
[Black "mmchan"]
[Result "0-1"]
[ICCResult "White resigns"]
[WhiteElo "1679"]
[BlackElo "1974"]
[Opening "QGD: exchange, positional line, 6.Qc2"]
[ECO "D36"]
[NIC "QO.16"]
[Time "18:32:51"]
[TimeControl "3600+10"]

1. d4 d5 2. c4 e6 3. Nc3 Nf6 4. cxd5 exd5 5. Bg5 c6 6. Qc2 Be7 7. e3 Nbd7 8.
Bd3 h6 9. Bh4 O-O 10. Nf3 Re8 11. O-O Nf8 12. Rab1 a5 13. a3 Ne4 14. Bxe7
Qxe7 15. b4 Nxc3 16. Qxc3 axb4 17. axb4 Ne6 18. Rfc1 Bd7 19. Ne5 f6 20. Ng6
Qd6 21. Nh4 Nf8 22. Nf5 Bxf5 23. Bxf5 g6 24. Bg4 f5 25. Bf3 f4 26. exf4 Qxf4
27. b5 Re6 28. bxc6 bxc6 29. h3 Ra4 30. Rd1 Rc4 31. Qa1 Rf6 32. Rbc1 Rxc1
33. Qxc1 Qxc1 34. Rxc1 Kf7 35. Bg4 h5 36. Bc8 Ke7 37. g3 Kd8 38. Ba6 Kc7 39.
f4 Ne6 40. Rd1 h4 41. f5 Rxf5 42. Bd3 Rf3 43. g4 Rxh3 44. Bxg6 Rg3+ 45. Kf2
Rxg4 46. Bh5 Rxd4 47. Rxd4 Nxd4 48. Kg2 Kd6 49. Kh3 Nf5 50. Bg4 Ke5 51. Bxf5
Kxf5 52. Kxh4 d4 {White resigns} 0-1

[Event "ICC tourney 1955 (60 10)"]
[Site "Internet Chess Club"]
[Date "2020.08.07"]
[Round "3"]
[White "natez"]
[Black "VishyNo1"]
[Result "0-1"]
[ICCResult "White resigns"]
[WhiteElo "1865"]
[BlackElo "2116"]
[Opening "Queen's pawn game"]
[ECO "A46"]
[NIC "QP.06"]
[Time "18:33:18"]
[TimeControl "3600+10"]

1. d4 Nf6 2. Nf3 d6 3. e3 g6 4. g3 Bg7 5. Bg2 O-O 6. O-O Nbd7 7. Nbd2 e5 8.
c4 Qe7 9. Re1 c6 10. Ng5 h6 11. Nge4 Nxe4 12. Nxe4 f5 13. Nc3 e4 14. f3 Nf6
15. Bd2 d5 16. cxd5 cxd5 17. Qb3 Be6 18. Ne2 Rfd8 19. Nf4 Bf7 20. Bb4 Qd7
21. fxe4 dxe4 22. Qd1 g5 23. Ne2 Nd5 24. Bd2 Qb5 25. b3 Rac8 26. Rc1 Qa6 27.
Rxc8 Rxc8 28. Qb1 Rc6 29. Qb2 Bf8 30. Nc3 Ba3 31. Qa1 Nb4 32. Rf1 Qd3 33.
Rd1 Nc2 34. Qb1 Rxc3 35. Bf1 Rxb3 36. axb3 Qxb3 37. Qxb3 Bxb3 38. Rb1 Bd5
39. Rb5 Bc6 40. Rxf5 Bb4 41. Bxb4 Nxb4 42. Bc4+ Kg7 43. d5 Bd7 44. Re5 Kf6
45. Rxe4 a5 46. Bb3 Nd3 47. Bc2 Ne5 48. Bd1 b5 49. Kf2 a4 50. Ke2 Nf7 51.
Kd2 Nd6 52. Rb4 Ke5 53. Kc3 Kxd5 54. Bf3+ Kc5 55. Rd4 Be6 56. Bd1 Nc4 57.
Re4 b4+ 58. Kd3 Bf5 59. Bxa4 Ne5+ 60. Ke2 Bxe4 61. h4 g4 62. Bb3 Bd5 63. Bc2
b3 64. Bb1 Kb4 65. e4 Bc4+ 66. Ke3 b2 67. Kf4 Bd3 68. Ba2 Ka3 {White
resigns} 0-1

[Event "ICC tourney 1955 (60 10)"]
[Site "Internet Chess Club"]
[Date "2020.08.07"]
[Round "3"]
[White "Kingforce"]
[Black "hunqapillar"]
[Result "1-0"]
[ICCResult "Black resigns"]
[WhiteElo "2007"]
[BlackElo "1787"]
[Opening "Caro-Kann: advance variation"]
[ECO "B12"]
[NIC "CK.02"]
[Time "18:33:02"]
[TimeControl "3600+10"]

1. e4 c6 2. d4 d5 3. e5 c5 4. dxc5 Nc6 5. Nf3 Bg4 6. c3 a5 7. Be3 e6 8. Bb5
Ne7 9. O-O Nf5 10. Qa4 Qc7 11. Qxg4 Nxe3 12. fxe3 Bxc5 13. Qxg7 Bxe3+ 14.
Kh1 O-O-O 15. Qf6 h5 16. Bxc6 Rh6 17. Qh4 Qxc6 18. Na3 Rg8 19. Nc2 Rg4 20.
Qe1 Bb6 21. Nfd4 Qe8 22. Rf6 Rh7 23. Qe2 Qg8 24. Qf3 Rhg7 25. Ne3 Re4 26.
Nxd5 exd5 27. Rxb6 Rxe5 28. Rf1 Qe8 29. Nf5 {Black resigns} 1-0

[Event "ICC tourney 1955 (60 10)"]
[Site "Internet Chess Club"]
[Date "2020.08.07"]
[Round "3"]
[White "Mengocat"]
[Black "zappower"]
[Result "0-1"]
[ICCResult "White checkmated"]
[WhiteElo "1851"]
[BlackElo "1459"]
[Opening "Giuoco Piano"]
[ECO "C54"]
[NIC "IG.02"]
[Time "18:33:08"]
[TimeControl "3600+10"]

1. e4 e5 2. Nf3 Nc6 3. Bc4 Bc5 4. c3 Nf6 5. d3 d6 6. h3 Na5 7. Bb5+ c6 8.
Ba4 b5 9. Bc2 Bb6 10. O-O c5 11. d4 O-O 12. dxe5 dxe5 13. Nxe5 Re8 14. Qxd8
Bxd8 15. Nf3 Nxe4 16. Bf4 Bb7 17. Nbd2 Nxd2 18. Nxd2 Bb6 19. Rfe1 Rad8 20.
Ne4 Nc4 21. Rab1 Kf8 22. Re2 b4 23. Rbe1 Bc6 24. cxb4 cxb4 25. Bb3 Bb5 26.
Ng5 Rxe2 27. Rxe2 h6 28. Nf3 g5 29. Bg3 Na5 30. Re4 Nxb3 31. Rxb4 Rd1+ 32.
Kh2 Bc6 33. Rxb3 f5 34. Be5 Bxf2 35. Bf6 Bd5 36. Rc3 f4 37. h4 Bg3+ 38. Kh3
Be6# {White checkmated} 0-1

[Event "ICC tourney 1955 (60 10)"]
[Site "Internet Chess Club"]
[Date "2020.08.07"]
[Round "3"]
[White "amp1997"]
[Black "playtowin2020"]
[Result "1-0"]
[ICCResult "Black checkmated"]
[WhiteElo "2111"]
[BlackElo "1941"]
[Opening "Sicilian: dragon, Yugoslav attack, 9...Bd7"]
[ECO "B77"]
[NIC "SI.18"]
[Time "18:33:03"]
[TimeControl "3600+10"]

1. e4 c5 2. Nf3 g6 3. d4 cxd4 4. Nxd4 Nc6 5. Nc3 Bg7 6. Be3 Nf6 7. Bc4 O-O
8. Qd2 d6 9. f3 Bd7 10. g4 Rc8 11. Bb3 h5 12. gxh5 Nxh5 13. O-O-O Ne5 14.
Qe2 a6 15. Rhg1 e6 16. f4 Nc6 17. f5 Nxd4 18. Bxd4 Nf4 19. Qg4 Bxd4 20. Rxd4
Qb6 21. Rdd1 Qe3+ 22. Kb1 exf5 23. exf5 Rc5 24. Rdf1 Rxf5 25. Rxf4 Rf6 26.
Rxf6 Bxg4 27. Rxg6+ Kh7 28. R6xg4 Qh6 29. Ne4 f6 30. Nf2 Re8 31. Bc4 Qxh2
32. Bd3+ Kh8 33. Ne4 f5 34. R4g2 Qh4 35. Nf2 Re6 36. Rg8+ Kh7 37. Bxf5+ Rg6
38. R8xg6 Qh6 39. Rg7+ Kh8 40. Rg8# {Black checkmated} 1-0

[Event "ICC tourney 1955 (60 10)"]
[Site "Internet Chess Club"]
[Date "2020.08.07"]
[Round "3"]
[White "Heliosis"]
[Black "Zach-Ry"]
[Result "1/2-1/2"]
[ICCResult "Game drawn by repetition"]
[WhiteElo "1861"]
[BlackElo "1775"]
[Opening "Ruy Lopez: classical defense, 4.c3"]
[ECO "C64"]
[NIC "RL.01"]
[Time "18:32:40"]
[TimeControl "3600+10"]

1. e4 e5 2. Nf3 Nc6 3. Bb5 Bc5 4. c3 Nf6 5. d4 exd4 6. e5 Nd5 7. O-O O-O 8.
cxd4 Bb6 9. Nc3 Nxc3 10. bxc3 d6 11. Bg5 Ne7 12. Re1 dxe5 13. Bxe7 Qxe7 14.
Nxe5 Qg5 15. Qf3 Be6 16. Qxb7 Qd2 17. Qf3 Rad8 18. Bc4 Rd6 19. Rad1 Qb2 20.
Re2 Qa3 21. Rde1 Qa4 22. Bxe6 Rxe6 23. Qg4 Rfe8 24. Nxf7 Rxe2 25. Nh6+ Kh8
26. Nf7+ Kg8 27. Nh6+ Kh8 28. Nf7+ Kg8 29. Nh6+ Kh8 30. Nf7+ Kg8 31. Nh6+
Kh8 32. Nf7+ {Game drawn by repetition} 1/2-1/2

[Event "ICC tourney 1955 (60 10)"]
[Site "Internet Chess Club"]
[Date "2020.08.07"]
[Round "3"]
[White "HiHiHidf"]
[Black "Javierof"]
[Result "0-1"]
[ICCResult "White resigns"]
[WhiteElo "1920"]
[BlackElo "2172"]
[Opening "Alekhine's defense: exchange variation"]
[ECO "B02"]
[NIC "AL.08"]
[Time "18:37:28"]
[TimeControl "3600+10"]

1. e4 Nf6 2. e5 Nd5 3. c4 Nb6 4. d4 d6 5. exd6 cxd6 6. Nc3 g6 7. Be3 Bg7 8.
Rc1 O-O 9. b3 Nc6 10. d5 Ne5 11. Be2 f5 12. Nf3 f4 13. Bd4 e6 14. dxe6 Bxe6
15. Nxe5 dxe5 16. Bc5 Qxd1+ 17. Rxd1 Rfd8 18. O-O Nd7 19. Bd6 Bf8 20. Bf3
Bxd6 21. Rxd6 Nc5 22. Bxb7 Rxd6 23. Bxa8 Rd2 24. Rc1 Bf5 25. f3 Nd3 26. Rd1
Rc2 27. Ne4 Nc1 28. Rd5 Bxe4 29. fxe4 Rxa2 30. Rxe5 Nd3 {White resigns} 0-1

[Event "ICC tourney 1955 (60 10)"]
[Site "Internet Chess Club"]
[Date "2020.08.07"]
[Round "3"]
[White "blackmanrook"]
[Black "LoopyLoop"]
[Result "1-0"]
[ICCResult "Black checkmated"]
[WhiteElo "1877"]
[BlackElo "1632"]
[Opening "Vienna gambit"]
[ECO "C29"]
[NIC "VG.04"]
[Time "18:38:45"]
[TimeControl "3600+10"]

1. Nc3 e5 2. e4 Nf6 3. f4 d6 4. Bc4 Be7 5. Nf3 Nbd7 6. d3 O-O 7. f5 Nb6 8.
Bb3 c6 9. Be3 Ng4 10. Bg1 d5 11. Qe2 Bb4 12. O-O-O a5 13. h3 Nf6 14. a3 Bxc3
15. bxc3 Nh5 16. Qf2 Nd7 17. g4 Nf4 18. Nxe5 Nxe5 19. Qxf4 Qd6 20. Kb1 a4
21. Ba2 Ra5 22. Bd4 Rb5+ 23. Ka1 Rb2 24. Qxe5 Rxa2+ 25. Kxa2 Qh6 26. h4 f6
27. Qc7 g6 28. g5 Qg7 29. Qxg7+ Kxg7 30. gxf6+ Kf7 31. fxg6+ hxg6 32. h5
gxh5 33. Rxh5 Bg4 34. Rh7+ Ke6 35. Rg1 Bf3 36. e5 b6 37. Rf1 Bg2 38. Re7#
{Black checkmated}
1-0

[Event "ICC tourney 1955 (60 10)"]
[Site "Internet Chess Club"]
[Date "2020.08.07"]
[Round "3"]
[White "staxxknight"]
[Black "pianopro32"]
[Result "0-1"]
[ICCResult "White resigns"]
[WhiteElo "1768"]
[BlackElo "2038"]
[Opening "Sicilian: Smith-Morra gambit"]
[ECO "B21"]
[NIC "SI.47"]
[Time "18:32:17"]
[TimeControl "3600+10"]

1. e4 c5 2. d4 cxd4 3. c3 Nf6 4. e5 Nd5 5. Qxd4 e6 6. Nf3 Nc6 7. Qe4 f5 8.
Qe2 b5 9. g3 a5 10. Bg2 Be7 11. O-O O-O 12. Rd1 Qc7 13. Na3 Bxa3 14. Rxd5
exd5 15. bxa3 Ba6 16. Ng5 Ne7 17. Bf4 h6 18. e6 Qxc3 19. Rc1 Qf6 20. h4 hxg5
21. Bxg5 Qxe6 22. Qxe6+ dxe6 23. Bxe7 Rfc8 24. Re1 Kf7 25. Bd6 Rc2 26. Re5
Rac8 27. g4 fxg4 28. Rg5 Rc1+ 29. Kh2 R1c2 30. Be5 g6 31. Kg3 Rxa2 32. Rxg4
Rxa3+ 33. Kh2 Rc4 34. f4 Ra2 35. h5 gxh5 36. Rg7+ Kf8 37. Ra7 Rcc2 38. Rg7
b4 39. Kh3 Rxg2 {White resigns} 0-1

[Event "ICC tourney 1955 (60 10)"]
[Site "Internet Chess Club"]
[Date "2020.08.07"]
[Round "3"]
[White "rockinroll"]
[Black "Arsalchess"]
[Result "1/2-1/2"]
[ICCResult "Game drawn by repetition"]
[WhiteElo "1823"]
[BlackElo "1994"]
[Opening "Queen's pawn, Mason variation"]
[ECO "D00"]
[NIC "QP.08"]
[Time "18:32:14"]
[TimeControl "3600+10"]

1. d4 d5 2. Bf4 Nf6 3. e3 c5 4. dxc5 Nc6 5. Bb5 Qa5+ 6. Nc3 e6 7. a3 Ne4 8.
Ne2 Nxc3 9. Nxc3 a6 10. Bxc6+ bxc6 11. b4 Qd8 12. Ne2 Qf6 13. Qd4 Qg6 14.
Kd2 Be7 15. Bg3 Bf6 16. Be5 Bxe5 17. Qxe5 O-O 18. Nf4 Qh6 19. Nh3 f6 20. Qd6
e5 21. Qxc6 Bxh3 22. gxh3 d4 23. Qf3 Rad8 24. Ke2 Qg6 25. e4 f5 26. Rhg1 Qe6
27. exf5 Rxf5 28. Qb3 Rd5 29. Rae1 Qf7 30. Rg2 e4 31. Rd1 Rf3 32. Qa4 d3+
33. cxd3 exd3+ 34. Kf1 Re3 35. Qxa6 Rde5 36. Rg3 Qd5 37. Qc8+ Re8 38. Qg4
R3e7 39. Qf3 Qa2 40. Qxd3 Kh8 41. c6 Re2 42. Rf3 Qe6 43. Re3 Rxe3 44. Qxe3
Qxc6 45. Qg3 Qh1+ 46. Qg1 Qf3 47. Qg4 Qh1+ 48. Qg1 Qf3 49. Qg4 Qh1+ 50. Qg1
{Game drawn by repetition}
1/2-1/2

[Event "ICC tourney 1955 (60 10)"]
[Site "Internet Chess Club"]
[Date "2020.08.07"]
[Round "3"]
[White "chessKingR"]
[Black "Zuiopal"]
[Result "0-1"]
[ICCResult "White resigns"]
[WhiteElo "1828"]
[BlackElo "1787"]
[Opening "QGD: 4.Bg5 Nbd7"]
[ECO "D51"]
[NIC "QO.16"]
[Time "18:32:16"]
[TimeControl "3600+10"]

1. d4 Nf6 2. c4 e6 3. Nc3 d5 4. Bg5 Nbd7 5. Nf3 Be7 6. e3 h6 7. Bh4 O-O 8.
Rc1 c5 9. cxd5 cxd4 10. Nxd4 Nxd5 11. Nxd5 Bxh4 12. Nc3 a6 13. Be2 Be7 14.
O-O Nf6 15. h3 Qd7 16. Bf3 e5 17. Nb3 Rb8 18. Qxd7 Bxd7 19. Rfd1 b5 20. Nd5
Nxd5 21. Bxd5 Bf5 22. e4 Bg6 23. Na5 Bg5 24. Rc2 Rbd8 25. f3 Kh7 26. Rc7 f5
27. Nc6 Rd6 28. Bg8+ Rxg8 29. Rxd6 fxe4 30. fxe4 Rf8 31. Nxe5 Be3+ 32. Kh2
Bf4+ 33. Kg1 Bxe5 34. Rxg6 Kxg6 35. Rc6+ Rf6 36. Rc2 Bd4+ 37. Kh2 Re6 38.
Re2 Kf6 39. Kg3 Ke5 40. Kf3 Rf6+ 41. Kg3 Rf4 42. b3 Rxe4 43. Rc2 Re3+ 44.
Kh2 Rc3 45. Re2+ Re3 46. Rc2 Rc3 47. Re2+ Be3 48. Kg3 Kd4 49. Kf3 a5 50. Kg3
a4 51. bxa4 bxa4 52. Kf3 Bd2+ 53. Kf2 Rc2 {White resigns} 0-1

[Event "ICC tourney 1955 (60 10)"]
[Site "Internet Chess Club"]
[Date "2020.08.07"]
[Round "3"]
[White "alecchung3"]
[Black "Singireddy"]
[Result "0-1"]
[ICCResult "White resigns"]
[WhiteElo "1799"]
[BlackElo "2001"]
[Opening "English: Bremen system with ...g6"]
[ECO "A24"]
[NIC "EO.14"]
[Time "18:32:40"]
[TimeControl "3600+10"]

1. c4 Nf6 2. Nc3 e5 3. g3 g6 4. Bg2 Bg7 5. e4 Nc6 6. Nge2 d6 7. d3 O-O 8. h3
Nd7 9. Be3 Nc5 10. Rb1 f5 11. O-O f4 12. gxf4 Qh4 13. Nd5 Bxh3 14. f3 Ne6
15. Qe1 Qxe1 16. Rfxe1 Bxg2 17. Kxg2 Rae8 18. b4 Ncd4 19. Bxd4 exd4 20. b5
c6 21. Nb4 Rc8 22. bxc6 bxc6 23. Na6 Bh6 24. Rb7 Bxf4 25. Reb1 c5 26. Re7
Ng5 27. Rbb7 Be3 28. Ng1 Bxg1 29. Kxg1 Rxf3 30. Nc7 Rcf8 31. Ne6 Nxe6 32.
Rxe6 Rg3+ 33. Kh2 Rxd3 34. Ree7 Rf2+ 35. Kg1 Rdf3 36. e5 dxe5 37. Rxe5 Rf7
38. Rxf7 Rxf7 39. Rxc5 Rd7 40. Re5 Kf7 41. Kf2 d3 42. Re1 d2 43. Rd1 Ke6 44.
c5 Rd5 45. Ke3 Kd7 46. Ke4 Kc6 47. Ke3 Kxc5 48. Rxd2 Rxd2 49. Kxd2 Kd4
{White resigns}
0-1

[Event "ICC tourney 1955 (60 10)"]
[Site "Internet Chess Club"]
[Date "2020.08.07"]
[Round "3"]
[White "dzchess01"]
[Black "aadit1709"]
[Result "0-1"]
[ICCResult "White resigns"]
[WhiteElo "1791"]
[BlackElo "2033"]
[Opening "Sicilian: Scheveningen (Paulsen), classical variation"]
[ECO "B85"]
[NIC "SI.23"]
[Time "18:33:23"]
[TimeControl "3600+10"]

1. e4 c5 2. Nf3 d6 3. d4 cxd4 4. Nxd4 Nf6 5. Nc3 a6 6. Be2 e6 7. O-O Be7 8.
f4 O-O 9. Be3 Qc7 10. Kh1 Nc6 11. Nxc6 bxc6 12. g4 Re8 13. g5 Nd7 14. Bd3 c5
15. b3 Bb7 16. Qh5 Bf8 17. Rf3 g6 18. Qh4 Bg7 19. Bd2 f5 20. Raf1 d5 21.
exd5 exd5 22. Rh3 Nf8 23. Kg1 c4 {White resigns} 0-1

[Event "ICC tourney 1955 (60 10)"]
[Site "Internet Chess Club"]
[Date "2020.08.07"]
[Round "3"]
[White "alphachesplayer"]
[Black "WR3311"]
[Result "0-1"]
[ICCResult "White resigns"]
[WhiteElo "1676"]
[BlackElo "1861"]
[Opening "Petrov: Nimzovich attack"]
[ECO "C42"]
[NIC "RG.03"]
[Time "18:32:31"]
[TimeControl "3600+10"]

1. e4 e5 2. Nf3 Nf6 3. Nxe5 d6 4. Nf3 Nxe4 5. Nc3 Nxc3 6. dxc3 Nc6 7. Bd3
Be7 8. Be3 Be6 9. Qd2 Qd7 10. O-O-O O-O-O 11. Kb1 Ne5 12. Nxe5 dxe5 13. a3
Qc6 14. Qe2 Kb8 15. f3 a6 16. g4 Bd5 17. Rhf1 f6 18. c4 Bf7 19. h4 h6 20. h5
Bc5 21. Bxc5 Qxc5 22. Qf2 Qxf2 23. Rxf2 Rd4 24. b3 Rhd8 25. Re1 Be8 26. Be4
Rd1+ 27. Rxd1 Rxd1+ 28. Kb2 c5 29. c3 Kc7 30. b4 Bf7 31. Kb3 cxb4 32. cxb4
Rd4 33. Rc2 b5 34. Bd5 Bxd5 35. cxd5+ Kb7 36. Rc5 Rd3+ 37. Kc2 Rxf3 38. d6
Rf2+ 39. Kd3 Rf4 40. Rd5 Kc8 41. Rc5+ Kd8 42. Rc6 Rxg4 43. Rxa6 Rd4+ 44. Ke3
Kd7 45. Ra7+ Kxd6 46. Rxg7 Rh4 47. Ra7 Rxh5 48. Ra6+ Ke7 49. Ra7+ Ke6 50.
Ra6+ Kf5 51. Ra5 Kg5 52. Rxb5 Rh3+ 53. Kf2 Rxa3 54. Rb8 h5 55. b5 h4 56. b6
Rb3 57. b7 Kf5 58. Rh8 Rxb7 59. Rxh4 Rb2+ 60. Kf3 Rb3+ 61. Kf2 e4 62. Rh5+
Ke6 63. Ra5 f5 64. Ra6+ Ke5 65. Ra5+ Kf4 66. Ra2 Rd3 67. Rb2 e3+ 68. Ke1 Kf3
69. Rb1 e2 70. Rc1 Rd1+ 71. Rxd1 exd1=Q+ 72. Kxd1 Kg2 {White resigns} 0-1

[Event "ICC tourney 1955 (60 10)"]
[Site "Internet Chess Club"]
[Date "2020.08.07"]
[Round "3"]
[White "Boldmann"]
[Black "karuto2006"]
[Result "0-1"]
[ICCResult "White resigns"]
[WhiteElo "1782"]
[BlackElo "1778"]
[Opening "Evans gambit"]
[ECO "C52"]
[NIC "IG.05"]
[Time "18:33:07"]
[TimeControl "3600+10"]

1. e4 e5 2. Nf3 Nc6 3. Bc4 Bc5 4. b4 Bxb4 5. c3 Ba5 6. d4 exd4 7. O-O Nf6 8.
e5 d5 9. Bb5 Ne4 10. Bxc6+ bxc6 11. Qa4 Bxc3 12. Nxc3 Nxc3 13. Qxc6+ Bd7 14.
Qc5 Ne2+ 15. Kh1 d3 16. Bg5 f6 17. exf6 gxf6 18. Bh4 Bf5 19. Qc6+ Kf7 20.
Ne5+ Kg7 21. g4 Qd6 22. gxf5 Qxe5 23. Rg1+ Nxg1 24. Rxg1+ Kh6 25. Qc1+ Kh5
26. Bg3 Qe4+ 27. Rg2 Rae8 28. Qxc7 Re7 29. Qa5 Qe1+ 30. Rg1 Qxa5 {White
resigns} 0-1

[Event "ICC tourney 1955 (60 10)"]
[Site "Internet Chess Club"]
[Date "2020.08.07"]
[Round "3"]
[White "kptl132"]
[Black "sushivishwa"]
[Result "1-0"]
[ICCResult "Black checkmated"]
[WhiteElo "2049"]
[BlackElo "1821"]
[Opening "Giuoco Piano"]
[ECO "C54"]
[NIC "IG.02"]
[Time "18:32:23"]
[TimeControl "3600+10"]

1. e4 e5 2. Nf3 Nc6 3. Bc4 Bc5 4. c3 Nf6 5. d4 exd4 6. cxd4 Bb4+ 7. Nbd2
Nxe4 8. d5 Ne7 9. O-O Bxd2 10. Bxd2 d6 11. Re1 Nxd2 12. Qxd2 O-O 13. Re3 Nf5
14. Re4 Bd7 15. Rae1 Re8 16. Ng5 Qf6 17. Re6 Qd4 18. Qe2 h6 19. Rxe8+ Rxe8
20. Qxe8+ Bxe8 21. Rxe8# {Black checkmated} 1-0

[Event "ICC tourney 1955 (60 10)"]
[Site "Internet Chess Club"]
[Date "2020.08.07"]
[Round "3"]
[White "Monkeybomb3605"]
[Black "Jonjons"]
[Result "1-0"]
[ICCResult "Black resigns"]
[WhiteElo "2005"]
[BlackElo "1722"]
[Opening "Ruy Lopez: Berlin defense, open variation"]
[ECO "C67"]
[NIC "RL.07"]
[Time "18:33:22"]
[TimeControl "3600+10"]

1. e4 e5 2. Nf3 Nc6 3. Bb5 Nf6 4. O-O Nxe4 5. d4 Nd6 6. Bxc6 dxc6 7. dxe5
Nf5 8. Qxd8+ Kxd8 9. Nc3 h6 10. b3 Be6 11. Bb2 Bc5 12. Rad1+ Ke7 13. Ne4 Bb6
14. h3 g5 15. Ba3+ c5 16. Bxc5+ Bxc5 17. Nxc5 Rab8 18. Nd4 Nxd4 19. Rxd4
Rhd8 20. Rfd1 Rxd4 21. Rxd4 b6 22. Nxe6 Kxe6 23. f4 Rf8 24. g3 f6 25. exf6
Rxf6 26. Re4+ Kd6 27. Kf2 c5 28. Kf3 gxf4 29. gxf4 Rg6 30. f5 Rf6 31. Kf4 a5
32. c4 Kd7 33. Kg4 Kd6 34. Re6+ Rxe6 35. fxe6 Kxe6 36. Kh5 {Black resigns}
1-0